| TOP OF THE 1ST |
|
Hagerstown Suns batting - Pitching for Great Lakes Loons : RHP Bob Lattin
|
|
Pitching: RHP Bob Lattin
|
|
|
Batting: RHB Antonio Morado
|
0-0: Called Strike 0-1: Ball 1-1: Ball 2-1: Fly out, F9 (Flyball, 9D, EV 105.6 MPH)
|
|
Batting: RHB John Savard
|
0-0: Ball 1-0: Called Strike 1-1: Foul Ball, location: 2F 1-2: Ground out 2-3 (Groundball, 15S, EV 67.5 MPH)
|
|
Batting: LHB Evan Oliveri
|
0-0: Ball 1-0: Foul Ball, location: 2F 1-1: Foul Ball, location: 2F 1-2: Strikes out swinging
|
| Top of the 1st over - 0 runs, 0 hits, 0 errors, 0 left on base; Hagerstown 0 - Great Lakes 0 |
| BOTTOM OF THE 1ST |
|
Great Lakes Loons batting - Pitching for Hagerstown Suns : LHP Peni Keli'i
|
|
Pitching: LHP Peni Keli'i
|
|
|
Batting: RHB Luis Grajeda
|
0-0: Ball 1-0: Ball 2-0: Called Strike 2-1: Ball 3-1: Base on Balls
|
|
Batting: RHB David Rodgers
|
0-0: Foul Ball, location: 2F 0-1: Ball 1-1: Foul Ball, location: 2F 1-2: Fielders Choice at 2nd, 6-4 (Groundball, 56, EV 90.0 MPH)
|
|
Batting: SHB Todd Hewitt
|
0-0: Ball 1-0: Ball 2-0: Ball 3-0: Called Strike 3-1: Base on Balls David Rodgers to second
|
|
Batting: RHB Blake Beale
|
0-0: Foul Ball, location: 2F 0-1: Foul Ball, location: 2F 0-2: Ball 1-2: Strikes out swinging
|
|
Batting: RHB Ryan Alban
|
0-0: Ball 1-0: Ball 2-0: Called Strike 2-1: Ball 3-1: Called Strike 3-2: Base on Balls David Rodgers to third Todd Hewitt to second
|
|
Batting: LHB Stephen Van Raalte
|
0-0: Ball 1-0: Ball 2-0: Foul Ball, location: 2F 2-1: Swinging Strike 2-2: Ball 3-2: Foul Ball, location: 2F 3-2: Foul Ball, location: 2F 3-2: Strikes out swinging
|
| Bottom of the 1st over - 0 runs, 0 hits, 0 errors, 3 left on base; Hagerstown 0 - Great Lakes 0 |
| TOP OF THE 2ND |
|
Hagerstown Suns batting - Pitching for Great Lakes Loons : RHP Bob Lattin
|
|
Batting: RHB Jesus Malave
|
0-0: Called Strike 0-1: Called Strike 0-2: Foul Ball, location: 2F 0-2: Ball 1-2: Ball 2-2: Ball 3-2: Foul Ball, location: 2F 3-2: Foul Ball, location: 2F 3-2: Base on Balls
|
|
Batting: LHB Erik Beezley
|
0-0: Called Strike 0-1: Ball 1-1: Ball 2-1: Foul Ball, location: 2F 2-2: Strikes out swinging
|
|
Batting: RHB Slavik Nebrodov
|
0-0: Called Strike 0-1: Ball 1-1: Swinging Strike 1-2: Ball 2-2: Ball 3-2: Foul Ball, location: 2F 3-2: Strikes out swinging
|
|
Batting: RHB Steve Bauman
|
0-0: Called Strike 0-1: Fielders Choice at 2nd, 5-4 (Groundball, 56, EV 84.4 MPH)
|
| Top of the 2nd over - 0 runs, 0 hits, 0 errors, 1 left on base; Hagerstown 0 - Great Lakes 0 |
| BOTTOM OF THE 2ND |
|
Great Lakes Loons batting - Pitching for Hagerstown Suns : LHP Peni Keli'i
|
|
Batting: RHB Trevor Conklin
|
0-0: Ball 1-0: Called Strike 1-1: Swinging Strike 1-2: Ball 2-2: Ball 3-2: SINGLE (Flyball, 9S, EV 94.4 MPH)
|
|
Batting: RHB Roger Simmons
|
0-0: Called Strike 0-1: Ball 1-1: Ball 2-1: Ball 3-1: Base on Balls Trevor Conklin to second
|
|
Batting: RHB Roberto Monzon
|
0-0: Ball 1-0: Ball 2-0: Called Strike 2-1: Fly out, F9 (Flyball, 9, EV 93.1 MPH)
|
|
Batting: RHB Luis Grajeda
|
0-0: Called Strike 0-1: Called Strike 0-2: Ball 1-2: Ball 2-2: Strikes out swinging
|
|
Batting: RHB David Rodgers
|
0-0: Called Strike 0-1: Called Strike 0-2: Ball 1-2: Ball 2-2: Foul Ball, location: 2F 2-2: SINGLE (Flyball, 8RS, EV 90.6 MPH) Trevor Conklin to third Roger Simmons to second
|
|
Batting: SHB Todd Hewitt
|
0-0: Ball 1-0: Ball 2-0: Fielders Choice at 2nd, 6-4 (Groundball, 6, EV 80.6 MPH)
|
| Bottom of the 2nd over - 0 runs, 2 hits, 0 errors, 3 left on base; Hagerstown 0 - Great Lakes 0 |
| TOP OF THE 3RD |
|
Hagerstown Suns batting - Pitching for Great Lakes Loons : RHP Bob Lattin
|
|
Batting: RHB Naofumi Ishida
|
0-0: Swinging Strike 0-1: Swinging Strike 0-2: Ball 1-2: Ball 2-2: Ball 3-2: Foul Ball, location: 2F 3-2: Foul Ball, location: 2F 3-2: Fly out, F8 (Flyball, 8LD, EV 106.2 MPH)
|
|
Batting: RHB Derek Moran
|
0-0: Called Strike 0-1: Ball 1-1: DOUBLE (Line Drive, 9LS, EV 114.4 MPH)
|
|
Batting: RHB Antonio Morado
|
0-0: Ball 1-0: Foul Ball, location: 2F 1-1: Ball 2-1: Called Strike 2-2: Ground out 6-3 (Groundball, 6, EV 84.4 MPH) Derek Moran to third
|
|
Batting: RHB John Savard
|
0-0: SINGLE (Groundball, 34D, EV 99.4 MPH) Derek Moran scores
|
|
Batting: LHB Evan Oliveri
|
0-0: Ball 1-0: Swinging Strike 1-1: Foul Ball, location: 2F 1-2: Ball 2-2: Strikes out swinging
|
| Top of the 3rd over - 1 run, 2 hits, 0 errors, 1 left on base; Hagerstown 1 - Great Lakes 0 |
| BOTTOM OF THE 3RD |
|
Great Lakes Loons batting - Pitching for Hagerstown Suns : LHP Peni Keli'i
|
|
Batting: RHB Blake Beale
|
0-0: Fly out, F9 (Line Drive, 9, EV 90.6 MPH)
|
|
Batting: RHB Ryan Alban
|
0-0: Called Strike 0-1: Called Strike 0-2: Ball 1-2: Ball 2-2: Ground out 4-3 (Groundball, 4, EV 95.0 MPH)
|
|
Batting: LHB Stephen Van Raalte
|
0-0: Called Strike 0-1: Foul Ball, location: 2F 0-2: Ball 1-2: Foul Ball, location: 2F 1-2: Ball 2-2: Ground out U3 (Groundball, 34S, EV 88.1 MPH)
|
| Bottom of the 3rd over - 0 runs, 0 hits, 0 errors, 0 left on base; Hagerstown 1 - Great Lakes 0 |
| TOP OF THE 4TH |
|
Hagerstown Suns batting - Pitching for Great Lakes Loons : RHP Bob Lattin
|
|
Batting: RHB Jesus Malave
|
0-0: Ball 1-0: Ground out 4-3 (Groundball, 4, EV 80.0 MPH)
|
|
Batting: LHB Erik Beezley
|
0-0: Called Strike 0-1: Ground out 5-3 (Groundball, 5, EV 80.6 MPH)
|
|
Batting: RHB Slavik Nebrodov
|
0-0: Ball 1-0: Fly out, F8 (Flyball, 8RM, EV 90.6 MPH)
|
| Top of the 4th over - 0 runs, 0 hits, 0 errors, 0 left on base; Hagerstown 1 - Great Lakes 0 |
| BOTTOM OF THE 4TH |
|
Great Lakes Loons batting - Pitching for Hagerstown Suns : LHP Peni Keli'i
|
|
Batting: RHB Trevor Conklin
|
0-0: Called Strike 0-1: Foul Ball, location: 2F 0-2: Ball 1-2: Ball 2-2: Fly out, F8 (Flyball, 8LS, EV 95.6 MPH)
|
|
Batting: RHB Roger Simmons
|
0-0: Called Strike 0-1: SINGLE (Flyball, 4D, EV 90.6 MPH)
|
|
Batting: RHB Roberto Monzon
|
0-0: Fly out, F9 (Line Drive, 9S, EV 96.2 MPH)
|
|
Batting: RHB Luis Grajeda
|
0-0: Ball 1-0: Fly out, F9 (Line Drive, 9LD, EV 97.5 MPH)
|
| Bottom of the 4th over - 0 runs, 1 hit, 0 errors, 1 left on base; Hagerstown 1 - Great Lakes 0 |
| TOP OF THE 5TH |
|
Hagerstown Suns batting - Pitching for Great Lakes Loons : RHP Bob Lattin
|
|
Batting: RHB Steve Bauman
|
0-0: Called Strike 0-1: Called Strike 0-2: Fly out, F7 (Flyball, 7D, EV 94.4 MPH)
|
|
Batting: RHB Naofumi Ishida
|
0-0: Called Strike 0-1: Ball 1-1: Swinging Strike 1-2: Strikes out swinging
|
|
Batting: RHB Derek Moran
|
0-0: Reached on error, E6 (Groundball, 6S, EV 92.5 MPH)
|
|
Batting: RHB Antonio Morado
|
0-0: Ball 1-0: SINGLE (Groundball, 56D, EV 106.9 MPH) Derek Moran to second Runner from 2nd tries for 3rd, SAFE, no throw by LF
|
|
Batting: RHB John Savard
|
0-0: Called Strike 0-1: Called Strike Antonio Morado steals 2nd base 0-2: Foul Ball, location: 2F 0-2: Foul Ball, location: 2F 0-2: SINGLE (Line Drive, 34D, EV 93.8 MPH) Derek Moran scores Antonio Morado to third Runner from 3rd tries for Home, SAFE, throw by RF to home
|
|
Batting: LHB Evan Oliveri
|
0-0: Ball 1-0: Fly out, F8 (Flyball, 8LM, EV 98.8 MPH)
|
| Top of the 5th over - 2 runs, 2 hits, 1 error, 1 left on base; Hagerstown 3 - Great Lakes 0 |
| BOTTOM OF THE 5TH |
|
Great Lakes Loons batting - Pitching for Hagerstown Suns : LHP Peni Keli'i
|
|
Batting: RHB David Rodgers
|
0-0: Ball 1-0: Foul Ball, location: 2F 1-1: Foul Ball, location: 2F 1-2: Ball 2-2: Strikes out looking
|
|
Pitching: RHP Brent Wainwright
|
|
|
Batting: SHB Todd Hewitt
|
0-0: Called Strike 0-1: Foul Ball, location: 2F 0-2: Strikes out swinging
|
|
Batting: RHB Blake Beale
|
0-0: Called Strike 0-1: Called Strike 0-2: Ball 1-2: Strikes out looking
|
| Bottom of the 5th over - 0 runs, 0 hits, 0 errors, 0 left on base; Hagerstown 3 - Great Lakes 0 |
| TOP OF THE 6TH |
|
Hagerstown Suns batting - Pitching for Great Lakes Loons : RHP Bob Lattin
|
|
Batting: RHB Jesus Malave
|
0-0: Called Strike 0-1: Ball 1-1: SINGLE (Line Drive, 89S, EV 108.1 MPH)
|
|
Batting: LHB Erik Beezley
|
0-0: Called Strike 0-1: Called Strike 0-2: Strikes out looking
|
|
Batting: RHB Slavik Nebrodov
|
0-0: Ball 1-0: Swinging Strike 1-1: SINGLE (Groundball, 34S, EV 65.6 MPH) (infield hit) Jesus Malave to second
|
|
Batting: RHB Steve Bauman
|
0-0: Fielders Choice at 2nd, 6-4 (Groundball, 56D, EV 85.0 MPH) Jesus Malave to third
|
|
Batting: RHB Naofumi Ishida
|
0-0: Ball 1-0: Foul Ball, location: 2F 1-1: Foul Ball, location: 2F 1-2: DOUBLE (Line Drive, 3D, EV 94.4 MPH) Jesus Malave scores Steve Bauman to third Runner from 3rd tries for Home, SAFE, throw by RF to trailing runner, OUT at third! 9-3-5
|
| Top of the 6th over - 2 runs, 3 hits, 0 errors, 0 left on base; Hagerstown 5 - Great Lakes 0 |
| BOTTOM OF THE 6TH |
|
Great Lakes Loons batting - Pitching for Hagerstown Suns : RHP Brent Wainwright
|
|
Batting: RHB Ryan Alban
|
0-0: Called Strike 0-1: Foul Ball, location: 2F 0-2: Foul Ball, location: 2F 0-2: Ball 1-2: Ball 2-2: Ball 3-2: SOLO HOME RUN (Flyball, 7D, EV 94.4 MPH), Distance : 360 ft
|
|
Batting: LHB Stephen Van Raalte
|
0-0: Ball 1-0: Called Strike 1-1: Foul Ball, location: 2F 1-2: Foul Ball, location: 2F 1-2: Ball 2-2: Strikes out swinging
|
|
Batting: RHB Trevor Conklin
|
0-0: Called Strike 0-1: Ground out 1-3 (Groundball, 15, EV 68.1 MPH)
|
|
Batting: RHB Roger Simmons
|
0-0: Fly out, F6 (Flyball, 6MD, EV 86.2 MPH)
|
| Bottom of the 6th over - 1 run, 1 hit, 0 errors, 0 left on base; Hagerstown 5 - Great Lakes 1 |
| TOP OF THE 7TH |
|
Hagerstown Suns batting - Pitching for Great Lakes Loons : RHP Bob Lattin
|
|
Pitching: RHP Bob Thompson
|
|
|
Batting: RHB Derek Moran
|
0-0: Ball 1-0: Ground out 6-3 (Groundball, 6, EV 109.4 MPH)
|
|
Batting: RHB Antonio Morado
|
0-0: Foul Ball, location: 2F 0-1: Ball 1-1: Swinging Strike 1-2: Ball 2-2: Strikes out swinging
|
|
Batting: RHB John Savard
|
0-0: Ground out 4-3 (Groundball, 4, EV 85.0 MPH)
|
| Top of the 7th over - 0 runs, 0 hits, 0 errors, 0 left on base; Hagerstown 5 - Great Lakes 1 |
| BOTTOM OF THE 7TH |
|
Great Lakes Loons batting - Pitching for Hagerstown Suns : RHP Brent Wainwright
|
|
Pitching: LHP Mike Bigos
|
|
|
Batting: RHB Roberto Monzon
|
0-0: Ground out 6-3 (Groundball, 6S, EV 68.8 MPH)
|
|
Batting: RHB Luis Grajeda
|
0-0: Called Strike 0-1: Ball 1-1: Called Strike 1-2: Foul Ball, location: 2F 1-2: Foul Ball, location: 2F 1-2: Ball 2-2: Ball 3-2: Ground out 6-3 (Groundball, 6M, EV 84.4 MPH)
|
|
Batting: RHB David Rodgers
|
0-0: Ball 1-0: Called Strike 1-1: Ball 2-1: Swinging Strike 2-2: Ball 3-2: Foul Ball, location: 2F 3-2: Foul Ball, location: 2F 3-2: Fly out, F9 (Flyball, 9S, EV 91.2 MPH)
|
| Bottom of the 7th over - 0 runs, 0 hits, 0 errors, 0 left on base; Hagerstown 5 - Great Lakes 1 |
| TOP OF THE 8TH |
|
Hagerstown Suns batting - Pitching for Great Lakes Loons : RHP Bob Thompson
|
|
Batting: LHB Evan Oliveri
|
0-0: Swinging Strike 0-1: Ball 1-1: Ball 2-1: Foul Ball, location: 2F 2-2: Strikes out swinging
|
|
Batting: RHB Jesus Malave
|
0-0: Called Strike 0-1: Called Strike 0-2: Ball 1-2: Strikes out swinging
|
|
Batting: LHB Erik Beezley
|
0-0: Foul Ball, location: 2F 0-1: Ball 1-1: Ball 2-1: Foul Ball, location: 2F 2-2: Ball 3-2: Base on Balls
|
|
Batting: RHB Slavik Nebrodov
|
0-0: Called Strike 0-1: Ball 1-1: Called Strike 1-2: Foul Ball, location: 2F 1-2: Ball 2-2: Ball 3-2: Strikes out swinging
|
| Top of the 8th over - 0 runs, 0 hits, 0 errors, 1 left on base; Hagerstown 5 - Great Lakes 1 |
| BOTTOM OF THE 8TH |
|
Great Lakes Loons batting - Pitching for Hagerstown Suns : LHP Mike Bigos
|
|
Pitching: RHP Steve Barnes
|
|
|
Batting: SHB Todd Hewitt
|
0-0: Foul Ball, location: 2F 0-1: Ball 1-1: Called Strike 1-2: Foul Ball, location: 2F 1-2: DOUBLE (Line Drive, 7LM, EV 98.1 MPH)
|
|
Pinch Hitting: LHB Kevin Wiebe
|
0-0: Ball 1-0: Swinging Strike 1-1: Ball 2-1: Foul Ball, location: 2F 2-2: Foul Ball, location: 2F 2-2: Ball 3-2: Base on Balls
|
|
Batting: RHB Ryan Alban
|
0-0: Foul Ball, location: 2F 0-1: Foul Ball, location: 2F 0-2: Ball 1-2: Foul Ball, location: 2F 1-2: Ball 2-2: Ball 3-2: Fielders Choice at 2nd, 3-6 (Groundball, 34, EV 91.2 MPH) Todd Hewitt to third
|
|
Batting: LHB Stephen Van Raalte
|
0-0: Called Strike 0-1: Ball 1-1: Ball 2-1: Foul Ball, location: 2F 2-2: Ball 3-2: Base on Balls Ryan Alban to second
|
|
Batting: RHB Trevor Conklin
|
0-0: Ball 1-0: Foul Ball, location: 2F 1-1: Called Strike 1-2: Foul Ball, location: 2F 1-2: Ball 2-2: Ball 3-2: Base on Balls Todd Hewitt scores Ryan Alban to third Stephen Van Raalte to second
|
|
Pinch Hitting: LHB Antonio Fierros
|
0-0: Called Strike 0-1: Ball 1-1: Ball 2-1: SINGLE (Groundball, 56D, EV 100.0 MPH) Ryan Alban scores Stephen Van Raalte to third Trevor Conklin to second Runner from 3rd tries for Home, SAFE, throw by LF to home
|
|
Batting: RHB Roberto Monzon
|
0-0: 3-RUN HOME RUN (Flyball, 9LD, EV 88.8 MPH), Distance : 335 ft
|
|
Pitching: RHP Gareth Cutts
|
|
|
Batting: RHB Luis Grajeda
|
0-0: Ball 1-0: Fly out, F9 (Line Drive, 9LS, EV 101.9 MPH)
|
|
Batting: RHB David Rodgers
|
0-0: Swinging Strike 0-1: Ball 1-1: Called Strike 1-2: Strikes out swinging
|
| Bottom of the 8th over - 6 runs, 3 hits, 0 errors, 0 left on base; Hagerstown 5 - Great Lakes 7 |
| TOP OF THE 9TH |
|
Hagerstown Suns batting - Pitching for Great Lakes Loons : RHP Bob Thompson
|
|
Pitching: RHP Angel Rivas
|
|
|
Now at SS: Theo Schepers
|
|
|
Now in LF: Enrique Andrade
|
|
|
Now in RF: Rich Rubio
|
|
|
Batting: RHB Steve Bauman
|
0-0: Ball 1-0: Swinging Strike 1-1: Swinging Strike 1-2: Strikes out looking
|
|
Batting: RHB Naofumi Ishida
|
0-0: Swinging Strike 0-1: Foul Ball, location: 2F 0-2: Strikes out swinging
|
|
Batting: RHB Derek Moran
|
0-0: Hit by Pitch
|
|
Batting: RHB Antonio Morado
|
0-0: Fly out, F3 (Popup, 34S, EV 85.0 MPH)
|
| Top of the 9th over - 0 runs, 0 hits, 0 errors, 1 left on base; Hagerstown 5 - Great Lakes 7 |
|